 Dungeon Crawl Stone Soup version 0.29.0-13-gc9e81de378 (webtiles) character file.

Game seed: 8857038320623809154

104 ImASeal the Chopper (level 4, -3/45 HPs)
             Began as a Troll Berserker on Sept 8, 2022.
             Was a Believer of Trog.
             Slain by an iguana (13 damage)
             ... on level 3 of the Dungeon.
             The game lasted 00:02:33 (1768 turns).

ImASeal the Chopper (Troll Berserker)               Turns: 1768, Time: 00:02:33

Health: -3/45      AC:  4    Str: 27    XL:     4   Next: 52%
Magic:  3/3        EV: 10    Int:  3    God:    Trog [**....]
Gold:   132        SH:  0    Dex:  9    Spells: 3/3 levels left

rFire   . . .      SeeInvis .   a - +0 hand axe
rCold   . . .      Faith    .   (no shield)
rNeg    . . .      Spirit   .   b - +0 animal skin
rPois   +          Reflect  .   (helmet restricted)
rElec   .          Harm     .   (no cloak)
rCorr   .          Rampage  .   (gloves unavailable)
Will    .....                   (boots unavailable)
Stlth   +.........              (no amulet)
HPRegen 0.95/turn               f - ring of poison resistance
MPRegen 0.08/turn               (no ring)

@: no status effects
A: large, unfitting armour, claws 3, regeneration 1, shaggy fur 1, tough skin 1
a: Renounce Religion, Berserk, Trog's Hand


You were on level 3 of the Dungeon.
You worshipped Trog.
Trog was pleased with you.
You visited 1 branch of the dungeon, and saw 3 of its levels.

You collected 168 gold pieces.
You spent 36 gold pieces at shops.

Inventory:

Hand Weapons
 a - a +0 hand axe (weapon)
Missiles
 d - 6 boomerangs (quivered)
Armour
 b - a +0 animal skin (worn)
Jewellery
 f - a ring of poison resistance (left claw)
Scrolls
 c - a scroll of fear {unknown}
 g - a scroll of magic mapping {unknown}
 h - 2 scrolls of identify {unknown}
 k - a scroll of immolation {unknown}
 l - a scroll of summoning {unknown}
 m - a scroll of blinking {unknown}
Potions
 e - 5 potions of curing
 i - a potion of mutation {unknown}
 j - a potion of flight {unknown}


   Skills:
 + Level 3.0 Fighting
 + Level 3.5 Axes
 + Level 3.0 Dodging


You had 3 spell levels left.
You didn't know any spells.
Your spell library was empty.

Dungeon Overview and Level Annotations

Branches:
Dungeon (3/15)

Altars:

Shops:
D:1 !


Innate Abilities, Weirdness & Mutations

You are too large for most types of armour.
You have claws for hands.
Your natural rate of healing is unusually fast.
You are covered in fur. (AC +1)
You have tough skin. (AC +1)


Message History

The iguana bites you but does no damage.
You hit the iguana.
The iguana is lightly wounded.
The iguana bites you! The iguana closely misses you.
You hit the iguana but do no damage.
The iguana is lightly wounded.
The iguana bites you.
You hit the iguana.
The iguana is heavily wounded.
The iguana bites you!
You hit the iguana.
The iguana is heavily wounded.
The iguana bites you!
You are too injured to fight recklessly!
You are too injured to fight recklessly!
You are too injured to fight recklessly!
You are too injured to fight recklessly!
You closely miss the iguana.
The iguana is heavily wounded.
The iguana bites you but does no damage.
You hit the iguana but do no damage.
The iguana is heavily wounded.
The iguana bites you.
You hit the iguana.
The iguana is heavily wounded.
The iguana bites you!
* * * LOW HITPOINT WARNING * * *
You barely miss the iguana.
The iguana is heavily wounded.
The iguana closely misses you.
You hit the iguana.
The iguana is almost dead.
The iguana closely misses you.
You barely miss the iguana.
The iguana is almost dead.
The iguana completely misses you. The iguana barely misses you.
You hit the iguana but do no damage.
The iguana is almost dead.
The iguana bites you!
You die...

#.......#
#.......#
####.#### ###....#
#......####
#.##......#
#......##.#
#.######......# #
#.!...l@..........
######........##.#
#..)....## #
###.......
#....#### ##...#
#...# ...#


You could see an iguana.

Vanquished Creatures
  3 adders
  3 worms (D:2)
  4 bats
  5 endoplasms
  3 giant cockroaches
  5 goblins
  6 hobgoblins
  15 jackals
  2 quokkas
  2 ball pythons
  4 kobolds
  6 rats
58 creatures vanquished.

Notes
Turn   | Place    | Note
-------+----------+-------------------------------------------
     0 | D:1      | ImASeal the Troll Berserker began the quest for the Orb.
     0 | D:1      | Reached XP level 1. HP: 22/22 MP: 0/0
   147 | D:1      | Reached XP level 2. HP: 27/29 MP: 1/1
   212 | D:1      | Found a faded altar of an unknown god.
   227 | D:1      | Reached ** piety under Trog
   236 | D:1      | Reached XP level 3. HP: 32/36 MP: 2/2
   656 | D:1      | Found Ilu Was's Distillery.
   670 | D:1      | Bought a potion of curing for 36 gold pieces
  1105 | D:2      | Reached XP level 4. HP: 39/45 MP: 3/3
  1768 | D:3      | Slain by an iguana

Illustrated notes

Levels and vault maps discovered:
D:1:      minmay_arrival_five_plusses, layout_basic, serial_shops,
          nicolae_lakefront_shop, hellmonk_ecumenical_altar_arch_garden
D:2:      layout_basic
D:3:      layout_loops_cross, mainiacjoe_overflow_alcove_3,
          lemuel_zombie_altar_yredelemnul, minmay_pentomino_pile

Skill      XL: |  1  2  3  4 |
---------------+-------------+-----
Axes           | 3 |  3.5
Fighting       | 3 |  3.0
Dodging        | 3 |  3.0

Action                   |  1- 3 |  4- 6 || total
-------------------------+-------+-------++-------
Melee: Hand axe          |   151 |    56 ||   207
Armor: Animal skin       |    65 |    14 ||    79
Dodge: Dodged            |   105 |    34 ||   139
